 Dungeon Crawl Stone Soup version 0.24.0-125-gc4c63601f3 (webtiles) character file.

Game seed: 3716319185436249284, levelgen mode: deterministic

1022 LraC the Slinger (level 8, -2/54 HPs)
             Began as a Halfling Hunter on Mar 10, 2020.
             Was a Believer of Makhleb.
             Slain by a troll (8 damage)
             ... on level 6 of the Dungeon on Mar 11, 2020.
             The game lasted 00:23:58 (4465 turns).

LraC the Slinger (Halfling Hunter)                  Turns: 4465, Time: 00:23:58

Health: -2/54      AC:  4    Str: 13    XL:     8   Next: 46%
Magic:  8/8        EV: 15    Int: 10    God:    Makhleb [**....]
Gold:   287        SH:  0    Dex: 16    Spells: 7/7 levels left

rFire    . . .     SeeInvis .   r - +3 whip
rCold    . . .     Gourm    .   (shield restricted)
rNeg     + . .     Faith    .   c - +1 leather armour
rPois    .         Spirit   .   (no helmet)
rElec    .         Reflect  .   p - scarf {repulsion}
rCorr    .         Harm     .   (no gloves)
MR       +....                  (no boots)
Stlth    ++........             (no amulet)
HPRegen  0.18/turn              l - ring of positive energy
MPRegen  0.11/turn              q - ring of protection from magic

@: repel missiles
A: small, mutation resistance 1
a: Minor Destruction, Renounce Religion


You were on level 6 of the Dungeon.
You worshipped Makhleb.
Makhleb was pleased with you.
You were not hungry.

You visited 1 branch of the dungeon, and saw 6 of its levels.
You also visited: Ossuary.

You collected 287 gold pieces.

Inventory:

Hand Weapons
 a - a +2 hunting sling
 b - a +0 short sword
 r - a +3 whip (weapon)
 s - a +0 fustibalus
Missiles
 e - 196 stones (quivered)
Armour
 c - a +1 leather armour (worn)
 n - a +0 cloak
 p - a scarf of repulsion (worn)
 v - a +0 crystal plate armour
Jewellery
 l - a ring of positive energy (left hand)
 o - an uncursed ring of ice
 q - a ring of protection from magic (right hand)
Scrolls
 h - 4 scrolls of teleportation
 i - 3 scrolls of remove curse
 k - 6 scrolls of identify
 m - 2 scrolls of enchant armour
 t - a scroll of fear
Potions
 g - a potion of might
 j - 2 potions of curing
 u - a potion of haste
Comestibles
 f - 7 rations


   Skills:
 + Level 4.2 Fighting
 + Level 12.3 Slings
 + Level 1.5 Armour
 + Level 2.4 Dodging
 + Level 1.5 Stealth


You had 7 spell levels left.
You didn't know any spells.
Your spell library was empty.

Dungeon Overview and Level Annotations

Branches:
Dungeon (6/15)            Ossuary (visited)
 Temple: D:4-7

Altars:
Ashenzari
Makhleb
Nemelex Xobeh
Qazlal

Shops:
D:4 =[(

Annotations:
D:4 Shops


Innate Abilities, Weirdness & Mutations

You are small and have problems with some larger weapons.
You are somewhat resistant to further mutation.


Message History

The troll is severely wounded.
The troll misses you. The troll claws you! The troll claws you.
* * * LOW HITPOINT WARNING * * *
You hit the troll but do no damage.
The troll is severely wounded.
The troll barely misses you. The troll misses you.
The troll closely misses you.
You closely miss the troll.
The troll is severely wounded.
The troll closely misses you. The troll barely misses you.
The troll misses you.
You barely miss the troll.
The troll is severely wounded.
The troll closely misses you. The troll claws you!
* * * LOW HITPOINT WARNING * * *
The troll closely misses you.
You closely miss the troll.
The troll is severely wounded.
The troll closely misses you. The troll barely misses you. The troll claws you!
You die...

#... ##...##
#.....##
#....<.###
#..#......### . (.
##........##...
.((#..............
...((.............
(.)$..T@.........#
............#(....
#.........###.....
#..####...........
## #####...####
##.# #


You could see a troll.

Vanquished Creatures
  An ice beast (D:5)
  An ogre (D:4)
  2 centaurs (D:5)
  A scorpion (D:5)
  A crimson imp (D:5)
  A howler monkey (D:4)
  A bullfrog zombie (D:5)
  2 centaur zombies (Ossuary)
  3 human zombies (Ossuary)
  2 orc wizards (D:3)
  A worker ant (D:5)
  A big kobold zombie (Ossuary)
  4 hound zombies (Ossuary)
  3 mummies (Ossuary)
  Robin (D:4)
  4 adders
  2 oozes
  3 adder zombies (Ossuary)
  An adder skeleton (D:4)
  2 worms (D:3)
  3 dart slugs (D:1)
  4 leopard geckos
  6 orcs
  3 giant cockroaches (D:2)
  10 hobgoblins
  7 jackals
  6 kobolds
  3 quokkas
  5 bats
  5 frilled lizards
  22 goblins
  3 goblin zombies (Ossuary)
  A hobgoblin zombie (Ossuary)
  A jackal skeleton (D:5)
  3 jackal zombies (Ossuary)
  2 kobold zombies (Ossuary)
  7 quokka zombies (Ossuary)
  5 rats
  2 rat zombies (Ossuary)
135 creatures vanquished.

Notes
Turn   | Place    | Note
-------+----------+-------------------------------------------
     0 | D:1      | LraC the Halfling Hunter began the quest for the Orb.
     0 | D:1      | Reached XP level 1. HP: 14/14 MP: 1/1
    59 | D:1      | Reached skill level 6 in Slings
   131 | D:1      | Reached XP level 2. HP: 17/19 MP: 2/2
   473 | D:1      | Reached XP level 3. HP: 24/24 MP: 3/3
   780 | D:2      | Reached skill level 7 in Slings
   948 | D:2      | Reached XP level 4. HP: 29/29 MP: 4/4
  1081 | D:2      | Found a sparkling altar of Nemelex Xobeh.
  1085 | D:2      | Found a burning altar of Makhleb.
  1092 | D:2      | Became a worshipper of Makhleb the Destroyer
  1760 | D:3      | Reached skill level 8 in Slings
  1866 | D:3      | Reached XP level 5. HP: 34/34 MP: 5/5
  1947 | D:3      | Reached * piety under Makhleb
  1950 | D:3      | Reached skill level 9 in Slings
  2480 | D:4      | Reached XP level 6. HP: 39/39 MP: 6/6
  2526 | D:4      | Reached skill level 1 in Armour
  2540 | D:4      | Noticed Robin
  2563 | D:4      | Killed Robin
  2602 | D:4      | Found a shattered altar of Ashenzari.
  2610 | D:4      | Noticed an ogre
  2618 | D:4      | Killed an ogre
  2618 | D:4      | Reached skill level 10 in Slings
  2824 | D:4      | Found Depseg's Armour Boutique.
  2839 | D:4      | Found Cufu Ruku's Jewellery Boutique.
  2903 | D:4      | Found Cuivekeg's Antique Weapon Emporium.
  2999 | D:5      | Entered Level 5 of the Dungeon
  3010 | D:5      | Reached XP level 7. HP: 42/46 MP: 7/7
  3409 | D:5      | Found a sand-covered staircase.
  3419 | Ossuary  | Entered an ossuary
  3433 | Ossuary  | Reached ** piety under Makhleb
  3486 | Ossuary  | Reached skill level 11 in Slings
  3597 | Ossuary  | Reached XP level 8. HP: 54/54 MP: 8/8
  3852 | D:5      | Reached skill level 12 in Slings
  3948 | D:5      | Found a stormy altar of Qazlal.
  4430 | D:6      | Identified a scroll of acquirement
  4442 | D:6      | Noticed a troll
  4465 | D:6      | Slain by a troll

Levels and vault maps discovered:
D:1:      minmay_arrival_split_and_join, layout_basic
D:2:      kennysheep_the_goblin_king, layout_basic, minitemple
D:3:      layout_loops_corners
D:4:      layout_cave_pools, serial_shops, nicolae_shop_behind_doors,
          nicolae_shop_behind_doors, kennysheep_mini_moat, corner_web_ring,
          evilmike_ruin_ashenzari, uniq_robin
D:5:      layout_layer_cave, grunt_qazlal_clouds, enter_ossuary_3, first_ration
D:6:      layout_layer_cave, minmay_misc_feat_four_crosses, bloody_trog

Skill      XL: |  1  2  3  4  5  6  7  8 |
---------------+-------------------------+-----
Slings         | 6 7 8 9 10 11 12 | 12.3
Fighting       | 2 3 4 |  4.2
Armour         | 1 |  1.5
Dodging        | |  2.4
Stealth        | |  1.5

Action                   |  1- 3 |  4- 6 |  7- 9 || total
-------------------------+-------+-------+-------++-------
Melee: Whip              |       |       |     8 ||     8
 Fire: Hunting sling     |    77 |   161 |   209 ||   447
  Use: Scroll            |     6 |     3 |     3 ||    12
       Potion            |     1 |     4 |     1 ||     6
  Eat: Ration            |       |     2 |     1 ||     3
Armor: Leather armour    |     5 |     9 |     7 ||    21
Dodge: Dodged            |    15 |    22 |    43 ||    80
       Deflected         |       |       |     2 ||     2
